 Dungeon Crawl Stone Soup version 0.23.2-33-g5129a83184 (webtiles) character file.

Game seed: 5001927607664312356

8932 Folque the Geomancer (level 11, -1/117 (118) HPs)
             Began as a Red Draconian Earth Elementalist on July 5, 2019.
             Was a Priest of Sif Muna.
             Slain by a gnoll sergeant
             ... wielding a +1 spear of venom
              (5 damage)
             ... on level 10 of the Dungeon.
             The game lasted 00:39:37 (13035 turns).

Folque the Geomancer (DrEE)                        Turns: 13035, Time: 00:39:41

HP:   -1/117 (118)  AC:  7    Str: 15    XL:     11   Next: 16%
MP:   1/18          EV: 15    Int: 18    God:    Sif Muna [***...]
Gold: 586           SH:  0    Dex: 13    Spells: 5/20 levels left

rFire    + . .     SeeInvis .   g - +0 short sword
rCold    . . .     Gourm    .   (no shield)
rNeg     . . .     Faith    .   (armour unavailable)
rPois    .         Spirit   .   (helmet restricted)
rElec    .         Reflect  .   (no cloak)
rCorr    .         Harm     .   (no gloves)
MR       .....                  (no boots)
Stlth    ..........             (no amulet)
HPRegen  0.29/turn              (no ring)
MPRegen  0.16/turn              (no ring)

@: berserking, lethally poisoned (-1 -> -3), studying Axes, divine energy, very
quick
A: breathe fire, unfitting armour, fire resistance 1, cold-blooded, AC +7
a: Breathe Fire, Stop Divine Energy, Channel Magic, Renounce Religion


You were on level 10 of the Dungeon.
You worshipped Sif Muna.
Sif Muna was most pleased with you.
You were very hungry.

You visited 2 branches of the dungeon, and saw 11 of its levels.

You collected 586 gold pieces.

Inventory:

Hand Weapons
 d - a +0 halberd
 g - a +0 short sword (weapon)
 F - a +0 blowgun
Missiles
 b - 190 stones (quivered)
 r - 22 tomahawks
 G - 10 poisoned needles
Armour
 q - a +2 pair of gloves
Jewellery
 y - an uncursed ring of fire {unknown}
 E - a +4 ring of strength {unknown}
 H - an uncursed ring of protection from magic
Wands
 n - a wand of random effects (14)
 o - a wand of flame (11)
 w - a wand of iceblast (8)
 z - a wand of enslavement (6)
 D - a wand of acid (4)
Scrolls
 a - 2 scrolls of fog {unknown}
 e - 8 scrolls of teleportation
 f - a scroll of amnesia {unknown}
 h - 9 scrolls of identify
 i - 5 scrolls of remove curse {unknown}
 j - 5 scrolls of fear {unknown}
 m - a scroll of magic mapping {unknown}
 s - 5 scrolls of blinking {unknown}
 t - a scroll of enchant weapon {unknown}
 x - 2 scrolls of enchant armour {unknown}
 C - a scroll of vulnerability {unknown}
Potions
 l - a potion of flight
 p - 2 potions of degeneration {unknown}
 u - 8 potions of curing {unknown}
 v - a potion of cancellation {unknown}
 A - a potion of haste
Books
 B - a manual of Axes
Comestibles
 c - 16 rations
 I - 5 chunks of flesh


   Skills:
 - Level 2.1 Fighting
 - Level 3.5 Short Blades
 - Level 6.3 Dodging
 - Level 7.0 Stealth
 - Level 5.2 Spellcasting
 - Level 3.2 Conjurations
 - Level 4.0 Transmutations
 * Level 11.9 Earth Magic
 * Level 0.6 Invocations


You had 5 spell levels left.
You knew the following spells:

 Your Spells              Type           Power        Failure   Level  Hunger
a - Sandblast             Erth           #####.       1%          1    None
b - Passwall              Tmut/Erth      ####....     1%          2    #......
c - Stone Arrow           Conj/Erth      ####..       1%          3    ##.....
d - Lee's Rapid Deconstr  Erth           #####.....   2%          5    ######.
e - Petrify               Tmut/Erth      ####....     4%          4    ####...

Your spell library contained the following spells:

 Spells                   Type           Power        Failure   Level  Hunger


Dungeon Overview and Level Annotations

Branches:
Dungeon (10/15)            Temple (1/1) D:5            Lair (0/6) D:9
    Orc (0/2) D:9

Altars:
Ashenzari
Cheibriados
Dithmenos
Elyvilon
Fedhas
Gozag
Hepliaklqana
Kikubaaqudgha
Makhleb
Nemelex Xobeh
Okawaru
Qazlal
Ru
Sif Muna
Trog
Uskayaw
Vehumet
Wu Jian
Xom
Yredelemnul
Zin
The Shining One

Annotations:
D:5 1 runed translucent door, TrebMcFLY's ghost, novice HOFi
D:9 2 transporters, Grendash's ghost, novice DDFi
D:10 Psyche


Innate Abilities, Weirdness & Mutations

You can breathe blasts of fire.
Your fiery red scales are hard. (AC +7)
You cannot fit into any form of body armour.
Your flesh is heat resistant. (rF+)
You are cold-blooded and may be slowed by cold attacks.


Message History

Something freezes you.
* * * LOW HITPOINT WARNING * * *
Something hits you but does no damage. The gnoll sergeant barely misses you.
You hear some strange, mumbled words.
A puff of frost appears from out of thin air!
The puff of frost hits you!
* * * LOW HITPOINT WARNING * * *
Unknown command.
You barely miss something. You tail-slap something.
You feel yourself speed up.
You feel sick. Something hits you but does no damage.
The gnoll sergeant barely misses you. Something hits you!
* * * LOW HITPOINT WARNING * * *
You barely miss something. You tail-slap something.
You feel sick.
You hear some strange, mumbled words.
A puff of frost appears from out of thin air!
The puff of frost hits you.
* * * LOW HITPOINT WARNING * * *
The gnoll sergeant hits you from afar with a +1 spear of venom.
You die...

....####...####..#
#..##..().....##.#
#..##.(.......##.#
...##.........##)#
...##.........##.#
...#####...#####.#
...# '...' #g#
##.# #.# #.# #@#
##.# #.# ..รท##
##.# ....## ##..#
.....#########...#
.................#
..#.............##
..##............#
.##............##


You could see a gnoll sergeant.

Vanquished Creatures
  2 two-headed ogres
  Nergalle (D:10)
  A troll (D:9)
  Prince Ribbit (D:7)
  A hippogriff (D:6)
  3 yaks
  A hungry ghost (D:8)
  7 orc warriors
  5 sky beasts
  A hornet zombie (D:7)
  An ice beast (D:7)
  A black bear (D:9)
  A necrophage (D:7)
  5 ogres
  A wolf (D:10)
  2 centaurs
  3 big kobolds
  6 bullfrogs
  A gnoll sergeant (D:8)
  A wyvern zombie (D:7)
  A wyvern skeleton (D:7)
  5 scorpions
  3 wights
  11 killer bees
  An electric eel (D:9)
  2 howler monkeys (D:9)
  5 crimson imps
  7 hounds
  2 gnoll shamans
  A centaur skeleton (D:7)
  2 bullfrog skeletons
  4 jellies
  11 orc priests
  3 iguanas
  14 orc wizards
  3 worker ants
  A killer bee zombie (D:7)
  A hound zombie (D:7)
  A worker ant zombie (D:7)
  19 gnolls
  9 adders
  2 shadow imps (D:5)
  2 oozes
  An adder zombie (D:10)
  2 adder skeletons (D:4)
  A worm (D:5)
  A dart slug (D:1)
  6 leopard geckos
  66 orcs
  10 giant cockroaches
  7 goblins
  3 hobgoblins
  21 jackals
  20 kobolds
  4 quokkas
  3 ball pythons
  9 bats
  5 frilled lizards
  A leopard gecko skeleton (D:7)
  5 rats
320 creatures vanquished.

Vanquished Creatures (others)
  An orc (D:10)
  8 fungi (D:9)
  A plant (D:9)
10 creatures vanquished.

Grand Total: 330 creatures vanquished

Notes
Turn   | Place    | Note
-------+----------+-------------------------------------------
     0 | D:1      | Folque the Draconian Earth Elementalist began the quest for
                  | the Orb.
     0 | D:1      | Reached XP level 1. HP: 14/14 MP: 3/3
   694 | D:1      | Reached skill level 1 in Fighting
   870 | D:1      | Reached XP level 2. HP: 23/23 MP: 3/5
  1433 | D:2      | Reached XP level 3. HP: 29/29 MP: 4/6
  1438 | D:2      | Learned a level 2 spell: Passwall
  1442 | D:2      | Learned a level 3 spell: Stone Arrow
  1598 | D:2      | Found a snail-covered altar of Cheibriados.
  1632 | D:2      | Reached XP level 4. HP: 34/36 MP: 1/8
  2625 | D:3      | Found a blossoming altar of Fedhas.
  2724 | D:3      | Reached skill level 1 in Conjurations
  2815 | D:3      | Reached XP level 5. HP: 27/41 MP: 10/10
  3185 | D:3      | Reached skill level 4 in Earth Magic
  4288 | D:4      | Found a glowing silver altar of Zin.
  4464 | D:4      | Reached XP level 6. HP: 46/48 MP: 5/11
  4581 | D:4      | Learned a level 5 spell: Lee's Rapid Deconstruction
  4651 | D:5      | Entered Level 5 of the Dungeon
  4651 | D:5      | Found a runed translucent door.
  4651 | D:5      | Noticed TrebMcFLY's ghost (novice HOFi)
  4724 | D:5      | Noticed a sky beast
  4742 | D:4      | Killed a sky beast
  4742 | D:4      | Reached skill level 5 in Earth Magic
  4742 | D:4      | Your scales start taking on a fiery red colour.
  4742 | D:4      | Reached XP level 7. HP: 39/55 MP: 1/13
  4742 | D:4      | Gained mutation: Your flesh is heat resistant. (rF+) [Red
                  | Draconian growth]
  4748 | D:4      | Learned a level 4 spell: Petrify
  5270 | D:5      | Reached skill level 5 in Spellcasting
  5675 | D:5      | Reached XP level 8. HP: 48/61 MP: 6/15
  5802 | D:5      | Found a staircase to the Ecumenical Temple.
  5858 | Temple   | Entered the Ecumenical Temple
  5952 | Temple   | Became a worshipper of Sif Muna the Loreminder
  6619 | D:6      | Reached skill level 6 in Earth Magic
  6711 | D:6      | Noticed a hippogriff
  6724 | D:6      | Killed a hippogriff
  7317 | D:6      | Reached skill level 5 in Stealth
  7588 | D:7      | Reached skill level 7 in Earth Magic
  7642 | D:7      | Reached XP level 9. HP: 53/67 MP: 1/16
  8168 | D:7      | Reached * piety under Sif Muna
  8365 | D:7      | Found a white marble altar of Elyvilon.
  8368 | D:7      | Noticed Prince Ribbit
  8372 | D:7      | Killed Prince Ribbit
  8372 | D:7      | Reached skill level 1 in Short Blades
  8372 | D:7      | Reached skill level 8 in Earth Magic
  9237 | D:8      | Noticed a two-headed ogre
  9256 | D:8      | Killed a two-headed ogre
  9256 | D:8      | Reached skill level 9 in Earth Magic
  9256 | D:8      | Reached XP level 10. HP: 60/72 MP: 10/17
  9267 | D:8      | Reached ** piety under Sif Muna
 10155 | D:9      | Reached skill level 10 in Earth Magic
 10299 | D:9      | Found a transporter.
 10300 | D:9      | Found a transporter.
 10311 | D:9      | Noticed Grendash's ghost (novice DDFi)
 10847 | D:9      | Found a staircase to the Lair.
 10856 | D:9      | Found an ancient bone altar of Kikubaaqudgha.
 10903 | D:9      | Reached skill level 5 in Dodging
 11252 | D:9      | Found a staircase to the Orcish Mines.
 11445 | D:10     | Entered Level 10 of the Dungeon
 11519 | D:9      | Reached *** piety under Sif Muna
 11586 | D:10     | Noticed a two-headed ogre
 11612 | D:10     | Killed a two-headed ogre
 11612 | D:10     | Reached skill level 11 in Earth Magic
 11825 | D:10     | Noticed Psyche
 12492 | D:10     | Reached XP level 11. HP: 59/78 MP: 10/18
 12844 | D:10     | Noticed Nergalle
 12855 | D:10     | Killed Nergalle
 13035 | D:10     | HP: 4/117 [something/puff of frost (6)]
 13035 | D:10     | Slain by a gnoll sergeant

Skill      XL: |  1  2  3  4  5  6  7  8  9 10 |
---------------+-------------------------------+-----
Fighting       | 1 2 |  2.1
Spellcasting   | 3 4 5 |  5.2
Conjurations   | 1 2 3 |  3.2
Earth Magic    | 4 5 7 9 11 | 11.9
Transmutations | 3 4 |  4.0
Stealth        | 6 7 |  7.0
Dodging        | 3 6 |  6.3
Short Blades   | 3 |  3.5
Invocations    | |  0.6

Action                   |  1- 3 |  4- 6 |  7- 9 | 10-12 || total
-------------------------+-------+-------+-------+-------++-------
Melee: Unarmed           |    92 |       |       |       ||    92
       Tailslap          |    11 |    24 |    17 |    22 ||    74
       Short sword       |    45 |   223 |   191 |   166 ||   625
 Cast: Sandblast         |    17 |    48 |   104 |    59 ||   228
       Stone Arrow       |       |    16 |    57 |    45 ||   118
       Lee's Rapid Decon |       |       |    15 |    24 ||    39
       Petrify           |       |       |     5 |    21 ||    26
       Passwall          |       |       |     1 |       ||     1
Invok: Divine Energy     |       |       |     1 |       ||     1
 Abil: Breathe Fire      |       |       |     5 |       ||     5
  Use: Potion            |       |     3 |     3 |     3 ||     9
       Scroll            |       |       |     4 |     2 ||     6
 Stab: Sleeping          |     4 |     4 |     5 |       ||    13
       Petrified         |       |       |    12 |    16 ||    28
       Distracted        |       |       |       |     1 ||     1
  Eat: Chunk             |     3 |    11 |    17 |    17 ||    48
       Ration            |       |       |     3 |     2 ||     5
Armor: Skin              |    87 |    94 |   105 |    71 ||   357
Dodge: Dodged            |   115 |   202 |   213 |   231 ||   761
